 Dungeon Crawl Stone Soup version 0.21.1-1-g345015f (webtiles) character file.

32 EuclidGuy the Charmwright (level 3, 0/24 HPs)
             Began as a Halfling Skald on July 7, 2018.
             Slain by Crazy Yiuf
             ... wielding a +3 quarterstaff of chaos
              (6 damage)
             ... on level 2 of the Dungeon.
             The game lasted 00:07:22 (1642 turns).

EuclidGuy the Charmwright (Halfling Skald)          Turns: 1642, Time: 00:07:23

Health: 0/24       AC:  3    Str: 13    XL:     3   Next: 42%
Magic:  4/5        EV: 14    Int: 11    God:
Gold:   150        SH:  0    Dex: 13    Spells: 4/5 levels left

rFire    . . .     SeeInvis .   h - +0 short sword (curse)
rCold    . . .     Gourm    .   (shield restricted)
rNeg     . . .     Faith    .   b - +0 leather armour
rPois    .         Spirit   .   (no helmet)
rElec    .         Reflect  .   (no cloak)
rCorr    .         Harm     .   (no gloves)
MR       .....                  (no boots)
Stlth    +.........             (no amulet)
HPRegen  0.08/turn              (no ring)
MPRegen  0.09/turn              (no ring)

@: infused
A: small, mutation resistance 1
a: no special abilities


You were on level 2 of the Dungeon.
You were hungry.

You visited 1 branch of the dungeon, and saw 2 of its levels.

You collected 150 gold pieces.

Inventory:

Hand Weapons
 a - a +0 hand axe
 h - a cursed +0 short sword (weapon)
Armour
 b - a +0 leather armour (worn)
Scrolls
 e - 6 scrolls of identify {unknown}
 f - a scroll of teleportation {unknown}
 g - 2 scrolls of magic mapping {unknown}
 i - a scroll of fog {unknown}
 n - a scroll of enchant weapon {unknown}
 p - a scroll of remove curse {unknown}
Potions
 j - a potion of mutation {unknown}
 k - a potion of heal wounds {unknown}
 l - a potion of ambrosia {unknown}
 m - a potion of might {unknown}
Books
 c - a book of Battle

   Spells                             Type                      Level
   a - Infusion                       Charms                       1
   b - Shroud of Golubria             Charms/Translocation         2
   c - Song of Slaying                Charms                       2
   d - Spectral Weapon                Hexes/Charms                 3
   e - Regeneration                   Charms/Necromancy            3
Comestibles
 d - 3 rations


   Skills:
 + Level 2.1 Fighting
 + Level 2.2 Axes
 + Level 1.5 Armour
 + Level 2.5 Dodging
 + Level 1.8 Spellcasting
 + Level 3.5 Charms


You had 4 spell levels left.
You knew the following spells:

 Your Spells              Type           Power        Failure   Level  Hunger
a - Infusion              Chrm           #...         9%          1    ##.....


Dungeon Overview and Level Annotations

Branches:
Dungeon (2/15)

Altars:

Annotations:
D:2 Crazy Yiuf


Innate Abilities, Weirdness & Mutations

You are small and have problems with some larger weapons.
You are somewhat resistant to further mutation.


Message History

You hit Crazy Yiuf.
Crazy Yiuf is heavily wounded.
Crazy Yiuf closely misses you.
You hit Crazy Yiuf but do no damage.
Crazy Yiuf is heavily wounded.
Crazy Yiuf hits you with a quarterstaff of chaos.
* * * LOW HITPOINT WARNING * * *
You feel better.
Crazy Yiuf hits you with a quarterstaff of chaos!
Crazy Yiuf freezes you.
* * * LOW HITPOINT WARNING * * *
Memorise Shroud of Golubria, consuming 2 spell levels and leaving 2? [Y]es or [N]o only, please.
Memorise Shroud of Golubria, consuming 2 spell levels and leaving 2?
Crazy Yiuf misses you.
You start memorising the spell.
You continue memorising.
Crazy Yiuf twirls on the spot.
Crazy Yiuf hits you with a quarterstaff of chaos.
Your memorisation is interrupted.
You die...

#.......#
#...#####.....####
#.......#
#................#
#.......#
###.......##.....#
###.#####
##########.....#
#.# #.....#
##.##♣♣♣♣♣ #.....#
#..+.P.♣.♣♣♣ ####
#.....#
#....P..♣..♣#...#
#.....#
#.....P♣♣♣♣.@g..#
#.....# ##.+..♣♣
♣♣#..)# #.....#
####♣♣ ####
#######


You could see Crazy Yiuf.

Vanquished Creatures
  An adder (D:2)
  A leopard gecko (D:1)
  A bat (D:1)
  4 goblins
  3 hobgoblins
  3 jackals (D:1)
  3 frilled lizards
  2 kobolds
  2 rats
  A fungus (D:2)
21 creatures vanquished.

Notes
Turn   | Place    | Note
-------+----------+-------------------------------------------
     0 | D:1      | EuclidGuy the Halfling Skald began the quest for the Orb.
     0 | D:1      | Reached XP level 1. HP: 14/14 MP: 3/3
   454 | D:1      | Reached XP level 2. HP: 18/19 MP: 4/4
  1050 | D:2      | Reached XP level 3. HP: 6/24 MP: 0/5
  1628 | D:2      | Found a runed door.
  1632 | D:2      | Noticed Crazy Yiuf
  1642 | D:2      | Slain by Crazy Yiuf

Skill      XL: |  1  2 |
---------------+-------+-----
Fighting       | 2 |  2.1
Axes           | |  2.2
Armour         | |  1.5
Dodging        | |  2.5
Spellcasting   | |  1.8
Charms         | |  3.5

Action                   || total
-------------------------++-------
Melee: Hand axe          ||    70
       Short sword       ||    42
 Cast: Infusion          ||    10
  Use: Potion            ||     2
  Eat: Chunk             ||     2
Armor: Leather armour    ||    18
Dodge: Dodged            ||    86
